 Dungeon Crawl Stone Soup version 0.28-a0-1334-g1c9ffb4daf (webtiles) character file.

Game seed: 5402821170200883538

3089 NARC the Cleaver (level 9, -3/109 HPs)
             Began as a Palentonga Fighter on Mar 21, 2021.
             Was a Follower of Ru.
             Slain by a yak (5 damage)
             ... on level 8 of the Dungeon on Oct 11, 2022.
             The game lasted 00:46:10 (6417 turns).

NARC the Cleaver (Palentonga Fighter)               Turns: 6417, Time: 00:46:10

Health: -3/109     AC: 24    Str: 21 (23) XL:     9   Next: 59%
Magic:  9/9        EV:  1    Int:  6 (8)  God:    Ru [*.....]
Gold:   525        SH: 11    Dex: 14 (16) Spells: 8/8 levels left

rFire   . . .      SeeInvis +   a - +0 war axe
rCold   . . .      Faith    .   c - +2 kite shield
rNeg    . . .      Spirit   .   (armour currently unavailable)
rPois   +          Reflect  .   (helmet currently unavailable)
rElec   .          Harm     .   (cloak currently unavailable)
rCorr   .          Rampage  .   (gloves currently unavailable)
Will    .....      NoTele   +   (no barding)
Stlth   ++........              p - amulet of regeneration
HPRegen 1.08/turn               i - +4 ring of evasion
MPRegen 0.11/turn               f - +6 ring of dexterity

@: mighty, tree-form, overwhelmed with horror
A: stationary, stasis, torment immunity, boosted hp, large, rugged brown scales
3, see invisible, (deformed body), cowardly, (roll 1), (armoured tail),
(reflexive curl)
a: Renounce Religion


You were on level 8 of the Dungeon.
You worshipped Ru.
Ru was aware of your devotion.
You were a tree.
You visited 2 branches of the dungeon, and saw 9 of its levels.
You also visited: Ossuary.

You collected 525 gold pieces.

Inventory:

Hand Weapons
 a - a +0 war axe (weapon)
Armour
 b - a +0 scale mail
 c - a +2 kite shield (worn)
 o - a +3 leather armour
Magical Staves
 x - a staff of conjuration
Jewellery
 f - a +6 ring of dexterity (right branch)
 h - a ring of poison resistance
 i - a +4 ring of evasion (left branch)
 k - an amulet of magic regeneration
 p - an amulet of regeneration (around neck)
 B - an amulet of reflection
 C - a ring of willpower
Wands
 y - a wand of digging (7)
 z - a wand of iceblast (8)
Scrolls
 j - 7 scrolls of identify
 l - 3 scrolls of vulnerability
 n - a scroll of brand weapon {unknown}
 q - 4 scrolls of enchant weapon {unknown}
 r - 3 scrolls of acquirement {unknown}
 s - 3 scrolls of fear {unknown}
 t - a scroll of fog
 u - 3 scrolls of teleportation
 w - a scroll of holy word {unknown}
Potions
 d - 2 potions of might
 m - 2 potions of curing
 v - a potion of flight


   Skills:
 + Level 6.0 Fighting
 + Level 9.0 Axes
 + Level 3.2 Armour
 + Level 4.4 Dodging
 + Level 1.4 Stealth
 + Level 5.4 Shields


You had 8 spell levels left.
You didn't know any spells.
Your spell library contained the following spells:

 Spells                   Type           Power      Damage    Failure   Level
 Corona                   Hex            0%         N/A       71%         1
 Ensorcelled Hibernation  Hex/Ice        0%         N/A       85%         2
 Confusing Touch          Hex            0%         N/A       97%         3
 Dazzling Flash           Conj/Hex       0%         N/A       97%         3
 Gell's Gravitas          Tloc           0%         N/A       97%         3
 Tukima's Dance           Hex            0%         N/A       97%         3
 Petrify                  Tmut/Erth      0%         N/A       100%        4
 Metabolic Englaciation   Hex/Ice        0%         N/A       100%        5
 Yara's Violent Unravell  Hex/Tmut       0%         3d3       100%        5


Dungeon Overview and Level Annotations

Branches:
Dungeon (8/15)             Temple (1/1) D:4         Ossuary (visited)
   Lair: D:8-11

Altars:
Ashenzari
Elyvilon
Fedhas
Gozag
Hepliaklqana
Kikubaaqudgha
Makhleb
Ru
Sif Muna
Yredelemnul
Zin
The Shining One


Innate Abilities, Weirdness & Mutations

You are a tree.
Your roots penetrate the ground, keeping you stationary.
You cannot be teleported.
You are immune to unholy pain and torment.
Your maximum health is greatly increased.
Your equipment is partially melded.
(You are completely covered in rugged brown scales. (AC +3, +7% HP))
You have supernaturally acute eyesight. (SInv)
((Armour fits poorly on your strangely shaped body.))
Your cowardice makes you less effective in combat with threatening foes.
((You can roll at nearby foes to attack.))
((You have a long armoured tail.))
((You curl defensively after being hit. (AC +7*)))


Message History

You hit the killer bee but do no damage.
The killer bee stings you but does no damage.
You block the killer bee's attack. You block the yak's attack.
The yak gores you.
The water moccasin is stunned by your conviction and fails to attack.
The yak gores you but does no damage. You block the yak's attack.
The water moccasin bites you!
* * * LOW HITPOINT WARNING * * *
The killer bee stings you but does no damage.
The yak gores you but does no damage. The yak gores you.
* * * LOW HITPOINT WARNING * * *
You hit the yak.
You kill the yak!
You hit the yak. You barely miss the yak. You miss the water moccasin.
You hit the yak. You barely miss the killer bee. The killer bee stings you.
* * * LOW HITPOINT WARNING * * *
You block the water moccasin's attack. The yak gores you but does no damage.
You block the killer bee's attack. x2; The yak gores you but does no damage. x2
You feel your intelligence returning.
Your Axes skill increases to level 9!
You closely miss the yak.
The yak is almost dead.
You hit the yak. You slash the water moccasin! You hit the yak.
You slash the killer bee! You miss the killer bee.
You block the killer bee's attack. The killer bee stings you!
* * * LOW HITPOINT WARNING * * *
You block the water moccasin's attack. The yak gores you!
* * * LOW HITPOINT WARNING * * *
The killer bee stings you but does no damage. x2
The water moccasin bites you but does no damage.
The yak gores you but does no damage. x3; You block the killer bee's attack.
You hit the yak.
You kill the yak!
You barely miss the killer bee. You closely miss the killer bee.
You barely miss the yak. You hit the water moccasin. You slash the yak!
You block the killer bee's attack. The killer bee stings you.
* * * LOW HITPOINT WARNING * * *
You block the water moccasin's attack. You block the killer bee's attack.
The yak gores you but does no damage. The yak gores you.
You die...

..<.......##########...........
.....†....#............Y..####.
.....†....#.########....###
............######.....##
.....................###
........).########.###
.....<....##....Y...#
############...Yyy..#
#..>S♣o..# #.....Y..#
##########


You could see 3 yaks, a water moccasin, 2 killer bees and an orc.

Vanquished Creatures
  Pikel (D:6)
  A shadow (D:7)
  2 yaks (D:8)
  A steam dragon (D:8)
  Menkaure (D:4)
  An orc warrior (D:6)
  An ice beast (D:5)
  A necrophage (D:5)
  2 ogres (D:6)
  6 elf zombies (Ossuary)
  2 bullfrogs
  A wyvern zombie (D:6)
  A water moccasin skeleton (D:7)
  A killer bee (D:8)
  A howler monkey (D:4)
  8 centaur zombies
  A hound (D:4)
  A jelly (D:5)
  2 human zombies (Ossuary)
  A centaur skeleton (D:6)
  2 iguanas (D:5)
  6 orc wizards
  Terence (D:3)
  A killer bee zombie (D:7)
  A hound zombie (D:5)
  4 mummies
  3 gnolls (D:2)
  6 adders
  A shadow imp (D:7)
  A white imp (D:7)
  6 endoplasms
  A dart slug (D:3)
  14 orcs
  4 ball pythons
  5 bats
  5 giant cockroaches
  8 goblins
  8 hobgoblins
  5 jackals
  5 kobolds
  4 quokkas
  A frilled lizard (D:3)
  A goblin zombie (D:4)
  A hobgoblin zombie (D:4)
  2 kobold skeletons (D:7)
  7 rats
139 creatures vanquished.

Vanquished Creatures (others)
  A yak (D:8)
  10 plants
11 creatures vanquished.

Grand Total: 150 creatures vanquished

Notes
Turn   | Place    | Note
-------+----------+-------------------------------------------
     0 | D:1      | NARC the Palentonga Fighter began the quest for the Orb.
     0 | D:1      | Reached XP level 1. HP: 19/19 MP: 1/1
   191 | D:1      | Reached XP level 2. HP: 24/25 MP: 2/2
   767 | D:2      | Upgraded the game from 0.27-a0-686-gaed091b46b to
                  | 0.27-a0-774-g3e622ea735
   974 | D:2      | Reached XP level 3. HP: 27/31 MP: 3/3
  1471 | D:2      | Reached XP level 4. HP: 37/37 MP: 4/4
  2102 | D:3      | Found a faded altar of an unknown god.
  2105 | D:3      | Became a worshipper of Gozag Ym Sagoz the Greedy
  2204 | D:3      | Reached skill level 3 in Axes
  2404 | D:3      | Noticed Terence
  2415 | D:3      | Killed Terence
  2469 | D:3      | Reached skill level 1 in Dodging
  2685 | D:3      | Reached XP level 5. HP: 43/43 MP: 5/5
  3434 | D:4      | Reached skill level 4 in Axes
  3483 | D:4      | Found a staircase to the Ecumenical Temple.
  3495 | Temple   | Entered the Ecumenical Temple
  3521 | Temple   | Fell from the grace of Gozag
  3521 | Temple   | Became a worshipper of Ru the Awakened
  3773 | D:4      | Found a sand-covered staircase.
  3780 | D:4      | Reached XP level 6. HP: 39/51 MP: 6/6
  3783 | Ossuary  | Entered an ossuary
  3883 | Ossuary  | Was forgiven by Gozag
  3883 | Ossuary  | Gained mutation: You curl defensively after being hit. (AC
                  | +7*) [Palentonga growth]
  3883 | Ossuary  | Reached XP level 7. HP: 51/57 MP: 7/7
  3890 | Ossuary  | Reached skill level 5 in Axes
  4018 | Ossuary  | Reached skill level 6 in Axes
  4090 | D:4      | Noticed Menkaure
  4098 | D:4      | Killed Menkaure
  4099 | D:4      | Reached XP level 8. HP: 65/65 MP: 8/8
  4321 | D:5      | Entered Level 5 of the Dungeon
  4321 | D:5      | Found a shimmering blue altar of Sif Muna.
  4321 | D:5      | Found an ancient bone altar of Kikubaaqudgha.
  4332 | D:5      | Found a white marble altar of Elyvilon.
  4448 | D:5      | Reached skill level 7 in Axes
  4909 | D:6      | Noticed Pikel
  4924 | D:6      | Killed Pikel
  4925 | D:6      | Reached skill level 5 in Fighting
  4926 | D:6      | Gained mutation: Your cowardice makes you less effective in
                  | combat with threatening foes. [Ru sacrifice]
  4926 | D:6      | Reached * piety under Ru
  4935 | D:6      | Reached skill level 8 in Axes
  5001 | D:6      | Reached XP level 9. HP: 60/72 MP: 9/9
  5008 | D:6      | Reached skill level 1 in Stealth
  5157 | D:6      | Found a glowing golden altar of the Shining One.
  5423 | D:6      | Found a shimmering blue altar of Sif Muna.
  5646 | D:7      | Found a runed translucent door.
  5651 | D:7      | Found a basalt altar of Yredelemnul.
  5769 | D:7      | Found a hazy altar of Hepliaklqana.
  5814 | D:7      | Reached skill level 5 in Shields
  6262 | D:7      | Upgraded the game from 0.27-a0-774-g3e622ea735 to
                  | 0.28-a0-1334-g1c9ffb4daf
  6416 | D:8      | Reached skill level 9 in Axes
  6416 | D:8      | HP: 5/109 [yak (10)]
  6417 | D:8      | HP: 2/109 [killer bee (4)]
  6417 | D:8      | Slain by a yak

Illustrated notes

Levels and vault maps discovered:
D:1:      evilmike_arrival_fibonacci_small, layout_rooms
D:2:      layout_loops_corners
D:3:      layout_basic, chequers_ecumenical_altar_grove, uniq_terence
D:4:      layout_cave_pools, minmay_temple_entry_arrows,
          nicolae_ossuary_entry_giza, serial_forest,
          infiniplex_forest_clump_curved, infiniplex_forest_end_2,
          infiniplex_forest_clump_large, infiniplex_forest_lined_3_way,
          infiniplex_forest_lined_3_way, infiniplex_forest_straight_2,
          infiniplex_forest_lined_4_way, infiniplex_forest_clump_small,
          infiniplex_forest_clump_small, infiniplex_forest_lined_4_way,
          uniq_menkaure
D:5:      layout_rooms, grunt_temple_overflow_open, lemuel_old_faithful
D:6:      kennysheep_orc_sif_temple, layout_rooms, tso_oasis_becter, uniq_pikel
D:7:      layout_loops_ring, basic_altar, dk_yredelemnul_ordeal
D:8:      layout_rooms, nicolae_dithmenos_shadow_blocks, lair_entry_dummy
Temple:   eino_temple_scatter_basement

Skill      XL: |  1  2  3  4  5  6  7  8  9 |
---------------+----------------------------+-----
Armour         | 3 |  3.2
Axes           | 3 4 6 8 9 |  9.0
Shields        | 3 4 5 |  5.4
Dodging        | 1 2 3 4 |  4.4
Fighting       | 4 5 6 |  6.0
Stealth        | 1 |  1.4

Action                   |  1- 3 |  4- 6 |  7- 9 || total
-------------------------+-------+-------+-------++-------
Melee: War axe           |    69 |   159 |   297 ||   525
       Tailslap          |     9 |    31 |    55 ||    95
Invok: Sacrifice Courage |       |       |     1 ||     1
 Abil: Rolling Charge    |       |       |     1 ||     1
  Use: Scroll            |     2 |     5 |       ||     7
       Potion            |       |     6 |    10 ||    16
 Stab: Sleeping          |       |     1 |     2 ||     3
       Distracted        |       |     1 |       ||     1
Armor: Scale mail        |    30 |    18 |       ||    48
       Skin              |       |    28 |    76 ||   104
Dodge: Dodged            |    25 |   108 |   156 ||   289
Block: Kite shield       |    55 |   109 |   228 ||   392

Table legend: (Time is in decaauts)
 A = Elapsed time spent in this place.
 B = Non-inter-level travel time spent in this place.
 C = Inter-level travel time spent in this place.
 D = Time resting spent in this place.
 E = Time spent auto-exploring this place.
 F = Levels seen in this place.
 G = Mean time per level.
                   A        B        C        D        E       F      G
               +--------+--------+--------+--------+--------+-----+--------+
         Total |   6635 |   6527 |    108 |    393 |   2970 |  10 |  663.5 |
       Dungeon |   6267 |   6159 |    108 |    393 |   2958 |   8 |  783.4 |
        Temple |     49 |     49 |      0 |      0 |      0 |   1 |   49.0 |
       Ossuary |    318 |    318 |      0 |      0 |     12 |   1 |  318.0 |
               +--------+--------+--------+--------+--------+-----+--------+

Top non-repeatable levels by time:
     D:2: 1308 daAuts
     D:3: 1064 daAuts
     D:4: 948 daAuts
     D:7: 852 daAuts
     D:1: 788 daAuts
     D:6: 608 daAuts
     D:5: 584 daAuts
 Ossuary: 318 daAuts
     D:8: 110 daAuts
  Temple: 49 daAuts
